 Dungeon Crawl Stone Soup version 0.24.1-14-gf8d2b509d9 (webtiles) character file.

Game seed: 9002340076371257600, levelgen mode: deterministic

104 Hugehornet the Sneak (level 4, -2/27 HPs)
             Began as an Octopode Enchanter on May 20, 2020.
             Hit by a stone thrown by a gnoll (6 damage)
             ... on level 3 of the Dungeon.
             The game lasted 00:03:19 (2350 turns).

Hugehornet the Sneak (Octopode Enchanter)           Turns: 2350, Time: 00:03:20

Health: -2/27      AC:  1    Str:  7    XL:     4   Next: 80%
Magic:  7/7        EV: 13    Int: 18    God:
Gold:   130        SH:  0    Dex: 12    Spells: 6/7 levels left

rFire    . . .     SeeInvis .   a - +1 dagger
rCold    . . .     Gourm    .   (no shield)
rNeg     . . .     Faith    .   (helmet restricted)
rPois    .         Spirit   .   (no amulet)
rElec    .         Reflect  .   (no ring)
rCorr    .         Harm     .   (no ring)
MR       .....                  (no ring)
Stlth    ++++......             (no ring)
HPRegen  0.09/turn              (no ring)
MPRegen  0.10/turn              (no ring)
                                (no ring)
                                (no ring)

@: lethally poisoned (-2 -> -27)
A: almost no armour, stealthy swim, amphibious, 8 rings, constrict 8, camouflage
1, gelatinous body 1
a: no special abilities


You were on level 3 of the Dungeon.
You were not hungry.

You visited 1 branch of the dungeon, and saw 3 of its levels.

You collected 130 gold pieces.

Inventory:

Hand Weapons
 a - a +1 dagger (weapon)
Wands
 g - a wand of polymorph (8)
Scrolls
 d - a scroll of random uselessness
 e - a scroll of identify
 f - a scroll of enchant armour
Potions
 b - 2 potions of flight
 h - a potion of curing {unknown}
Comestibles
 c - 6 rations


   Skills:
 + Level 1.9 Short Blades
 - Level 2.0 Dodging
 * Level 5.6 Stealth
 + Level 2.4 Spellcasting
 * Level 3.8 Hexes


You had 6 spell levels left.
You knew the following spells:

 Your Spells              Type           Power        Failure   Level  Hunger
a - Corona                Hex            ###....      3%          1    #......

Your spell library contained the following spells:

 Spells                   Type           Power        Failure   Level  Hunger
 Confuse                  Hex            ###.....     11%         3    ###....
 Tukima's Dance           Hex            ###.....     11%         3    ###....
 Ensorcelled Hibernation  Hex/Ice        #.....       12%         2    ##.....
 Dazzling Spray           Conj/Hex       #.....       24%         3    ###....


Dungeon Overview and Level Annotations

Branches:
Dungeon (3/15)

Altars:
Xom


Innate Abilities, Weirdness & Mutations

You cannot wear most types of armour.
You are very stealthy in the water. (Stealth+)
You are amphibious.
You can wear up to eight rings at the same time.
You can use your tentacles to constrict eight enemies at once.
Your skin changes colour to match your surroundings (Stealth+).
Your rubbery body absorbs attacks. (AC +1, EV +1)


Message History

You see here a stone.
A kobold comes into view. It is wielding a +0 dagger.
You feel sick.
The gnoll throws a poisoned dart.
The poisoned dart hits you!
You are lethally poisoned!
The gnoll throws a stone.
The stone closely misses you.
The gnoll throws a stone.
The stone hits you.
* * * LOW HITPOINT WARNING * * *
Things that are here:
a stone; a poisoned dart
* * * LOW HITPOINT WARNING * * *
You feel sick.
You see here a stone.
* * * LOW HITPOINT WARNING * * *
You feel sick.
The gnoll throws a poisoned dart.
The poisoned dart hits you!
You are more poisoned.
Found a bone wand.
You see here a poisoned dart.
* * * LOW HITPOINT WARNING * * *
You feel sick.
The gnoll throws a stone.
The stone hits you.
You die...

... ..K...#.g.....#
........##......###.....
..........(.............
........###(#.#.....##.#
./..<...# #g#.####...#.#
........# #g#.#.....†...
........# #†#...........
........# #...#.........
.......@###g.†#####.....
...K....(((g....##.†##.#
........##.........###.#
...........[......## #.#
..................# #..
##....###.........# ###
#.... #.........# ....#
#.........# .###
#.........#


You could see a gnoll and a kobold (sleeping).

Vanquished Creatures
  Jessica (D:2)
  3 adders
  2 dart slugs (D:1)
  3 leopard geckos (D:1)
  A giant cockroach (D:2)
  7 goblins
  4 hobgoblins
  3 jackals (D:2)
  4 bats
  4 frilled lizards
  4 kobolds
  10 rats
46 creatures vanquished.

Notes
Turn   | Place    | Note
-------+----------+-------------------------------------------
     0 | D:1      | Hugehornet the Octopode Enchanter began the quest for the
                  | Orb.
     0 | D:1      | Reached XP level 1. HP: 11/11 MP: 3/3
   203 | D:1      | Reached XP level 2. HP: 17/17 MP: 5/5
   917 | D:1      | Reached XP level 3. HP: 21/21 MP: 6/6
  1236 | D:2      | Found a shimmering altar of Xom.
  1391 | D:2      | Noticed Jessica
  1403 | D:2      | Killed Jessica
  1403 | D:2      | Reached skill level 5 in Stealth
  1403 | D:2      | Reached XP level 4. HP: 15/27 MP: 7/7
  2350 | D:3      | Hit by a stone thrown by a gnoll

Levels and vault maps discovered:
D:1:      tarquinn_simple_flora_water_b, layout_basic
D:2:      layout_basic, first_ration, xom_teletrap_fun, uniq_jessica
D:3:      kennysheep_the_goblin_king, layout_rooms

Skill      XL: |  1  2  3 |
---------------+----------+-----
Stealth        | 5 |  5.6
Short Blades   | |  1.9
Dodging        | |  2.0
Spellcasting   | |  2.4
Hexes          | |  3.8

Action                   |  1- 3 |  4- 6 || total
-------------------------+-------+-------++-------
Melee: Dagger            |    59 |    39 ||    98
       Constrict         |    12 |     6 ||    18
       Tentacles         |     7 |     7 ||    14
  Use: Scroll            |     4 |       ||     4
 Stab: Sleeping          |     9 |     4 ||    13
       Distracted        |       |     1 ||     1
  Eat: Chunk             |     1 |       ||     1
       Ration            |       |     1 ||     1
Armor: Skin              |     3 |       ||     3
Dodge: Dodged            |    34 |    28 ||    62
